Map: 애씨드 플랜트 - 래더

Players

Zanster

  • Race: Zerg Zerg
  • League: Master
  • Spawn Location: 5:00

FanTaSy - Winner!

  • Race: Terran Terran
  • League: Diamond
  • Spawn Location: 11:00

Event: HomeStory Cup XVII

VOD

Have the link to the VOD?

Description

Time

  • Played on: June 29, 2018, 1:34 p.m.
  • Length: 36:13

All games in this series

Show
View Real Time Build Order
Export as new Build Order

Zanster Zerg 

Build Orders: Hatch First 

Get SALT Encoding   

  12  0:00  Drone  
  13  0:13  Overlord  
  13  0:17  Drone  
  14  0:31  Drone x2  
  14  0:35  Drone  
  17  0:52  Hatchery  
  17  0:54  Drone  
  17  0:57  Drone  
  18  1:08  Extractor  
  17  1:13  Spawning Pool  
  17  1:15  Drone  
  17  1:19  Drone  
  18  1:29  Drone  
  19  1:39  Drone  
  20  1:50  Overlord  
  20  2:00  Queen  
  22  2:03  Queen  
  22  2:05  Zergling x4  
  22  2:08  Metabolic Boost  
  26  2:12  Drone  
  27  2:17  Drone  
  27  2:22  Drone  
  29  2:25  Drone  
  30  2:37  Hatchery  
  30  2:38  Drone  
  30  2:40  Drone  
  31  2:45  Drone  
  31  2:49  Queen  
  34  2:53  Overlord  
  34  2:56  Drone  
  35  2:59  Drone  
  36  3:14  Drone  
  36  3:15  Drone x7  
  44  3:24  Overlord  
  44  3:29  Overlord  
  44  3:41  Queen x2  
  44  3:42  Overlord  
  44  3:45  Zergling x4  
  44  3:46  Drone  
  44  3:47  Drone x2  
  54  3:48  Drone  
  54  3:53  Zergling x4  
  54  3:55  Drone x2  
  58  3:59  Drone  
  58  4:00  Drone  
  60  4:06  Overlord  
  60  4:08  Baneling Nest  
  60  4:09  Drone  
  59  4:13  Queen  
  59  4:14  Drone x2  
  64  4:17  Drone x2  
  64  4:23  Drone x4  
  69  4:28  Zergling x6  
  72  4:32  Overlord  
  72  4:35  Drone  
  73  4:39  Drone  
  73  4:42  Spore Crawler  
  73  4:43  Spore Crawler, Lair  
  72  4:45  Drone  
  72  4:46  Drone x3  
  72  4:48  Drone  
  74  4:53  Spore Crawler  
  74  4:57  Drone x3  
  72  5:00  Drone  
  72  5:01  Drone  
  72  5:03  Drone  
  73  5:07  Drone  
  73  5:09  Drone  
  73  5:10  Drone  
  73  5:12  Drone  
  76  5:14  Overlord  
  76  5:16  Drone  
  76  5:20  Drone x3  
  76  5:21  Drone  
  79  5:26  Drone x2  
  79  5:28  Drone x2  
  82  5:31  Extractor x2  
  82  5:33  Drone x3  
  83  5:37  Extractor  
  83  5:39  Extractor, Drone x5  
  83  5:42  Overlord  
  86  5:43  Evolution Chamber  
  86  5:47  Drone, Evolution Chamber  
  86  5:49  Overseer  
  84  5:54  Drone x2  
  85  5:57  Overlord  
  85  6:05  Drone  
  85  6:06  Centrifical Hooks  
  85  6:10  Hatchery, Zergling x12  
  85  6:11  Zergling x8  
  95  6:18  Overlord  
  95  6:23  Overlord  
  95  6:25  Zerg Melee Weapons Level 1  
  95  6:28  Hatchery, Zerg Ground Armor Level 1  
  94  6:34  Zergling x14  
  94  6:36  Baneling x5  
  100  6:41  Overlord  
  100  6:44  Zergling x2  
  100  6:45  Zergling x8  
  105  6:52  Zergling x4  
  107  6:56  Baneling, Hydralisk Den  
  107  6:57  Baneling, Overlord, Infestation Pit  
  107  7:00  Zergling x10  
  107  7:11  Overlord  
  107  7:14  Zergling x2  
  107  7:15  Zergling x10  
  107  7:29  Drone x4  
  109  7:30  Drone  
  109  7:36  Muscular Augments, Hydralisk  
  109  7:37  Hydralisk x6, Hive  
  108  7:40  Zergling x8  
  108  7:42  Overlord  
  126  7:44  Hydralisk  
  126  7:45  Zergling x2  
  129  7:53  Zergling x2, Hydralisk  
  129  7:54  Zergling x4  
  133  7:58  Baneling x3  
  133  7:59  Baneling x4  
  133  8:00  Zergling x12  
  139  8:08  Zergling x18  
  139  8:12  Baneling x3  
  129  8:21  Zergling x16  
  129  8:25  Baneling x4  
  133  8:28  Zergling x6  
  133  8:29  Zerg Ground Armor Level 2  
  136  8:36  Zergling x2  
  136  8:37  Zergling x14  
  144  8:42  Zerg Melee Weapons Level 2  
  140  8:50  Overlord  
  140  8:53  Drone x6  
  140  8:54  Drone x2  
  148  8:57  Drone  
  148  9:00  Baneling x7  
  148  9:04  Zergling x2  
  148  9:05  Zergling x12  
  148  9:08  Zergling x2  
  148  9:09  Zergling x2  
  150  9:11  Grooved Spines  
  145  9:17  Overlord  
  145  9:19  Adrenal Glands  
  145  9:20  Zergling x8  
  147  9:27  Hydralisk  
  147  9:28  Hydralisk  
  148  9:31  Baneling x3  
  148  9:32  Baneling x2  
  148  9:38  Drone  
  148  9:39  Drone x3  
  148  9:45  Zergling x22  
  163  9:51  Hydralisk  
  163  9:52  Zergling x2  
  166  9:56  Hatchery  
  155  10:05  Zergling x2  
  155  10:06  Zergling x8  
  150  10:09  Baneling x5  
  149  10:14  Zergling x6  
  149  10:16  Zergling x2  
  149  10:18  Zergling x4  
  148  10:33  Zergling x6  
  148  10:34  Zergling x16  
  142  10:43  Hatchery  
  142  10:47  Zergling x8  
  142  10:49  Overlord x2  
  144  10:51  Viper x3  
  144  10:52  Hatchery  
  144  10:53  Zergling x8  
  144  10:55  Baneling x6  
  155  10:58  Zergling x2  
  155  10:59  Zergling x4  
  155  11:01  Zergling x4  
  155  11:02  Zergling x2  
  162  11:08  Zergling x8  
  166  11:15  Overlord  
  166  11:17  Overlord  
  166  11:18  Ultralisk Cavern  
  165  11:19  Zergling x14  
  165  11:20  Zergling x6  
  165  11:21  Zerg Melee Weapons Level 3  
  165  11:22  Hatchery  
  168  11:34  Zerg Ground Armor Level 3  
  168  11:37  Zergling x12  
  173  11:40  Zergling x2  
  173  11:41  Zergling x2  
  164  11:47  Drone x4  
  162  11:56  Hydralisk x5  
  162  11:57  Zergling x8  
  162  12:11  Zergling x10  
  162  12:13  Hatchery  
  166  12:20  Zergling x14  
  163  12:43  Zergling x2  
  163  12:44  Zergling x12  
  161  12:48  Hatchery, Zergling x2  
  161  12:49  Zergling x10  
  166  12:51  Chitinous Plating  
  158  13:04  Ultralisk x3  
  176  13:12  Ultralisk  
  182  13:16  Zergling x8  
  185  13:26  Zergling x16  
  189  13:39  Zergling x8  
  189  13:40  Drone, Zergling x4  
  193  13:52  Zergling x2  
  193  13:53  Zergling x8  
  197  14:04  Zergling x4  
  170  14:25  Unknown x2  
  170  14:26  Hydralisk  
  170  14:27  Hydralisk x13  
  198  14:37  Zergling x4  
  200  14:43  Baneling  
  200  14:44  Baneling x7  
  200  14:52  Zerg Missile Weapons Level 1  
  198  15:00  Zergling x4  
  198  15:06  Spire, Extractor  
  197  15:13  Drone  
  197  15:14  Drone x3  
  199  15:22  Overseer x3  
  199  15:23  Pneumatized Carapace  
  199  15:31  Drone  
  196  15:36  Hydralisk x3  
  199  15:43  Hatchery  
  197  15:51  Hatchery  
  197  15:52  Hatchery  
  186  16:05  Infestor x3  
  186  16:06  Infestor  
  186  16:08  Zergling x12  
  199  16:24  Greater Spire  
  199  16:25  Extractor  
  199  16:27  Extractor  
  196  16:41  Zergling x6  
  196  16:44  Extractor  
  196  16:45  Extractor  
  196  16:46  Zerg Missile Weapons Level 2  
  197  16:52  Spore Crawler  
  191  17:30  Unknown  
  190  17:40  Zerg Flyer Armor Level 1  
  187  18:12  Hatchery  
  184  18:33  Zergling x2  
  184  18:34  Zergling x34  
  190  18:46  Zergling x2  
  190  18:47  Zergling x30  
  195  19:08  Corruptor x2, Unknown  
  199  19:17  Unknown  
  195  19:27  Zergling x2  
  195  19:28  Zergling x8  
  200  19:31  Baneling x7  
  200  19:32  Baneling x10  
  198  19:42  Hatchery  
  198  19:45  Zergling x2  
  198  19:46  Zergling x4  
  200  19:58  Overseer x2  
  200  19:59  Hatchery  
  199  20:11  Burrow  
  199  20:13  Zerg Missile Weapons Level 3  
  199  20:21  Overseer x2  
  199  20:42  Overlord x2  
  190  20:43  Overlord x2  
  190  20:44  Overlord  
  190  20:53  Spore Crawler, Queen  
  190  20:55  Spore Crawler  
  187  21:05  Zergling x24  
  199  21:13  Unknown  
  199  21:14  Unknown x2  
  154  21:19  Corruptor x3  
  154  21:20  Corruptor x11  
  163  21:27  Brood Lord x2, Infestor x2  
  163  21:29  Infestor x3  
  163  21:30  Corruptor x5  
  187  21:35  Zergling x18  
  187  21:36  Zergling x6  
  192  21:41  Overseer  
  172  21:50  Zerg Flyer Armor Level 2  
  172  21:52  Brood Lord x2  
  166  21:56  Drone x6  
  166  22:00  Brood Lord x13  
  198  22:18  Zergling x2  
  198  22:19  Zergling x44  
  194  22:27  Drone  
  194  22:28  Drone x5  
  191  22:48  Zergling x18  
  186  23:03  Zergling x30  
  192  23:07  Pathogen Glands  
  174  23:20  Infestor x3  
  174  23:25  Drone x8  
  178  23:28  Spore Crawler  
  178  23:29  Baneling x4  
  178  23:30  Baneling x6  
  177  23:35  Drone x4  
  177  23:36  Drone x4  
  174  23:48  Drone x6  
  173  23:54  Drone x3  
  175  23:59  Drone x4  
  179  24:03  Drone x2  
  179  24:09  Brood Lord  
  178  24:30  Brood Lord  
  178  24:31  Brood Lord  
  181  24:32  Hatchery  
  179  24:51  Hydralisk  
  179  24:52  Hydralisk x5  
  191  25:07  Hatchery  
  190  25:17  Zerg Flyer Weapons Level 1  
  190  25:18  Hydralisk x4  
  191  25:38  Hydralisk x3  
  174  25:58  Infestor  
  176  26:09  Extractor  
  176  26:10  Extractor  
  174  26:11  Zergling x12  
  174  26:12  Zergling x10  
  185  26:25  Drone  
  186  26:28  Drone x2  
  186  26:29  Drone x7  
  195  26:41  Extractor, Zergling x2  
  195  26:42  Zergling x8  
  195  26:44  Extractor  
  183  26:54  Zergling x10  
  183  27:01  Hydralisk x12  
  184  27:11  Baneling x5  
  181  27:36  Hatchery  
  180  27:46  Hatchery  
  179  27:52  Hydralisk x2  
  179  27:54  Overlord x2  
  183  28:03  Infestor  
  183  28:04  Infestor x4  
  125  28:11  Zergling x2  
  125  28:12  Zergling x4  
  128  28:13  Drone  
  129  28:21  Overseer  
  130  28:43  Drone  
  130  28:44  Drone x8  
  139  29:06  Hydralisk x5  
  146  29:25  Infestor  
  146  29:26  Infestor x2  
  142  29:32  Infestor x2  
  146  29:40  Hydralisk  
  146  29:41  Hydralisk x3  
  154  30:05  Zergling x12  
  160  30:10  Zergling x14  
  167  30:16  Queen  
  167  30:17  Queen  
  167  30:21  Zergling x6  
  173  30:24  Overlord  
  173  30:26  Overlord  
  164  30:35  Corruptor x3  
  157  30:44  Corruptor x2  
  160  30:57  Zergling x12  
  166  31:05  Overlord  
  166  31:08  Infestor x2  
  169  31:27  Spore Crawler, Zergling x18  
  169  31:28  Spore Crawler  
  169  31:30  Brood Lord  
  169  31:31  Spore Crawler  
  169  31:32  Spore Crawler  
  176  31:47  Zergling x18  
  184  31:55  Zergling x6  
  178  32:04  Brood Lord x2  
  168  32:39  Hydralisk x4  
  168  32:40  Zergling x12  
  168  32:41  Zergling x4  
  183  32:51  Overlord x4  
  183  33:01  Brood Lord  
  183  33:02  Brood Lord  
  188  33:20  Zergling x16  
  195  33:27  Hydralisk x2  
  186  33:38  Hydralisk  
  186  33:39  Zergling x10  
  179  33:44  Baneling x5  
  179  33:45  Baneling x4  
  179  34:00  Zergling x2  
  179  34:01  Zergling x14  
  181  34:39  Hatchery  
  177  34:47  Hatchery  
  127  35:15  Zergling x18  
  130  35:26  Hydralisk x3  
  122  35:34  Overseer x3  
  109  35:43  Zergling x4  
  108  35:52  Zergling x6  
Show
View Real Time Build Order
Export as new Build Order

FanTaSy Terran - Winner!

Build Orders: Gas First Reaper Expand, Reaper Expand, Bio Tank, Banshee Rush 

Get SALT Encoding   

  12  0:00  SCV  
  13  0:12  SCV  
  14  0:17  Supply Depot  
  14  0:24  SCV  
  15  0:28  Refinery  
  15  0:38  SCV  
  16  0:44  Barracks  
  16  0:50  SCV  
  17  1:02  SCV  
  18  1:15  SCV  
  19  1:31  Orbital Command  
  19  1:32  Reaper  
  20  1:41  Command Center  
  20  1:51  Factory  
  20  1:56  SCV  
  21  2:02  Refinery  
  21  2:06  Barracks Reactor  
  21  2:08  SCV  
  21  2:13  Supply Depot  
  22  2:20  SCV  
  23  2:34  SCV  
  24  2:38  Starport  
  24  2:40  Factory Tech Lab  
  24  2:41  Marine  
  24  2:42  Marine  
  26  2:46  SCV  
  27  2:53  Orbital Command  
  27  2:59  SCV  
  28  3:11  SCV, Hellion x2  
  33  3:20  SCV  
  33  3:22  Cloaking Field  
  33  3:23  SCV, Banshee  
  38  3:30  Barracks Tech Lab  
  38  3:32  SCV  
  39  3:34  Hellion  
  39  3:35  SCV  
  39  3:37  Hellion  
  44  3:41  Supply Depot  
  44  3:44  SCV  
  44  3:47  SCV  
  46  3:50  Stimpack  
  46  4:03  SCV x2  
  46  4:06  Banshee  
  46  4:07  Supply Depot  
  51  4:15  SCV x2  
  53  4:18  Command Center  
  53  4:27  SCV  
  53  4:28  SCV  
  53  4:30  Supply Depot  
  55  4:36  Factory Reactor  
  55  4:37  Barracks  
  55  4:39  SCV  
  55  4:40  SCV  
  55  4:41  Barracks  
  55  4:42  Marine  
  58  4:51  SCV  
  58  4:52  Engineering Bay, SCV  
  60  4:54  Engineering Bay  
  60  5:00  Starport Reactor, Refinery, Marine  
  60  5:01  Refinery  
  60  5:03  SCV  
  60  5:05  SCV  
  63  5:16  SCV  
  63  5:17  SCV  
  63  5:18  Marine  
  66  5:24  Terran Infantry Weapons Level 1, Terran Infantry Armor Level 1  
  66  5:28  SCV  
  64  5:29  SCV  
  64  5:32  Orbital Command  
  64  5:33  Marine x2  
  67  5:36  Marine  
  67  5:39  Marine x2  
  67  5:40  Siege Tank  
  73  5:43  SCV x2  
  73  5:44  Medivac  
  77  5:50  Supply Depot  
  77  5:51  Marine  
  77  5:53  Supply Depot, Marine  
  77  5:54  Marine  
  77  5:56  Medivac  
  77  5:57  Orbital Command, SCV, Marine x2  
  82  6:04  SCV  
  83  6:09  Marine  
  83  6:11  Supply Depot, SCV  
  85  6:13  Supply Depot  
  85  6:16  Combat Shield, SCV, Marine x4  
  90  6:23  Siege Tank  
  93  6:26  SCV x2  
  93  6:27  Marine  
  93  6:28  SCV  
  97  6:33  Supply Depot  
  97  6:34  Supply Depot  
  97  6:35  Marine x4  
  97  6:39  SCV  
  103  6:40  SCV x2  
  103  6:44  Marine  
  105  6:47  Refinery  
  105  6:48  Refinery  
  105  6:49  Barracks  
  105  6:50  Barracks  
  105  6:52  Armory  
  105  6:54  Marine x2  
  105  6:55  Marine x2  
  105  6:56  Siege Tank  
  105  6:57  Medivac  
  114  7:01  SCV x2  
  114  7:02  SCV  
  114  7:03  Supply Depot  
  114  7:04  Supply Depot  
  114  7:06  Marine  
  118  7:12  Marine x3  
  118  7:13  SCV  
  118  7:14  SCV x2  
  121  7:17  Marine  
  122  7:23  Marine  
  122  7:25  SCV  
  122  7:29  Siege Tank  
  126  7:30  Marine x2  
  126  7:32  Marine  
  126  7:35  Marine  
  129  7:38  Supply Depot  
  129  7:40  Medivac x2  
  129  7:41  Marine  
  136  7:46  Barracks Reactor x2  
  136  7:48  Marine x2  
  136  7:50  Marine  
  137  7:52  Marine  
  137  7:55  Terran Infantry Weapons Level 2  
  138  7:59  Marine  
  138  8:01  Supply Depot x2  
  138  8:02  Supply Depot  
  138  8:04  Terran Infantry Armor Level 2  
  139  8:06  Marine x2  
  139  8:08  Marine  
  139  8:10  Marine  
  143  8:17  Marine  
  143  8:18  Siege Tank  
  143  8:19  Medivac  
  128  8:23  Marine x4  
  128  8:24  Marine x2  
  128  8:25  Marine  
  134  8:28  Marine  
  134  8:32  Factory, Terran Vehicle And Ship Armor Level 1  
  135  8:35  Marine  
  136  8:41  Marine x6  
  136  8:43  Marine  
  136  8:46  Marine  
  142  8:52  Marine  
  143  8:59  Marine x6  
  143  9:01  Marine  
  150  9:04  Marine  
  150  9:06  Siege Tank  
  150  9:08  Medivac  
  148  9:10  Marine  
  144  9:17  Marine x6  
  144  9:19  Marine  
  144  9:21  Factory Tech Lab  
  144  9:22  Marine  
  151  9:26  Supply Depot  
  151  9:27  Supply Depot  
  151  9:29  Supply Depot  
  149  9:43  Marine  
  149  9:48  Siege Tank x2, Marine x8  
  149  9:50  Supply Depot  
  156  10:00  Marine  
  156  10:05  Marine x2  
  156  10:06  Marine x6  
  159  10:11  Medivac x2  
  163  10:16  Barracks  
  163  10:17  Barracks  
  163  10:18  Marine  
  163  10:19  Sensor Tower, Barracks  
  163  10:20  Siege Tank x2  
  169  10:23  Marine x2  
  169  10:24  Marine x6  
  173  10:31  Command Center  
  167  10:36  Marine  
  167  10:41  Marine x2  
  167  10:42  Marauder, Marine x5  
  177  10:50  Terran Infantry Armor Level 3, Terran Infantry Weapons Level 3  
  177  10:52  Supply Depot  
  177  10:53  Supply Depot  
  177  10:54  Marine  
  178  10:59  Marine x2  
  180  11:07  Barracks Tech Lab x2  
  180  11:08  Barracks Tech Lab, Concussive Shells  
  178  11:22  Marauder, Marine x4  
  178  11:23  Marine x4  
  184  11:26  Command Center  
  184  11:32  Siege Tank  
  180  11:36  Command Center  
  174  11:44  Marauder  
  163  11:47  Marauder  
  163  11:48  Marauder x2, Marine  
  167  12:00  SCV x3  
  159  12:19  Marauder x4  
  159  12:20  SCV x3  
  166  12:41  Siege Tank  
  166  12:42  Marine x8  
  150  13:02  Liberator x2  
  150  13:06  Marauder x2, Marine x6  
  150  13:07  Marauder x2, Marine x2  
  150  13:11  Sensor Tower  
  160  13:13  Siege Tank  
  166  13:30  SCV x2  
  166  13:31  SCV  
  166  13:33  Planetary Fortress  
  164  13:41  Marauder x3  
  164  13:42  Marauder  
  166  13:51  SCV x2, Liberator  
  166  13:52  SCV  
  166  13:54  Liberator  
  168  13:55  Siege Tank  
  168  13:56  Marine x6  
  177  14:03  Sensor Tower  
  146  14:34  Liberator  
  146  14:37  Liberator  
  144  14:41  Marauder x4, Marine x8  
  144  14:42  Siege Tank  
  163  14:48  Ghost Academy  
  163  14:50  Refinery  
  168  15:17  Ghost x3  
  168  15:18  Ghost  
  168  15:19  Marine x8  
  181  15:23  SCV x2  
  181  15:24  SCV  
  184  15:47  Ghost x2  
  188  15:52  Command Center  
  188  15:53  Marine x3  
  188  15:54  Supply Depot  
  188  15:57  Marine x2  
  188  15:58  Marine x2  
  188  15:59  Marine  
  188  16:03  Medivac  
  188  16:15  Medivac  
  180  16:30  Ghost x2  
  180  16:31  Ghost  
  186  16:36  Marine x6  
  186  16:37  Marine x2  
  194  16:41  Refinery x2  
  194  16:51  Personal Cloaking  
  194  17:15  Ghost x3  
  188  17:41  Planetary Fortress  
  180  17:47  Ghost x2  
  180  17:48  Ghost  
  180  17:49  Marine x6  
  180  17:50  Marine x2  
  194  17:56  Refinery, SCV x3  
  197  17:58  Refinery  
  188  18:23  Unknown x9  
  188  18:32  Ghost x4  
  188  18:33  Marine x8  
  196  18:37  Command Center  
  193  18:41  Command Center  
  193  18:46  Liberator x2  
  187  18:51  Nuke  
  187  18:53  Siege Tank  
  190  19:00  Terran Vehicle And Ship Armor Level 2  
  191  19:11  Sensor Tower  
  190  19:23  Ghost  
  190  19:24  Ghost x2  
  189  19:36  Marine x2  
  190  19:38  Marine x4  
  194  20:10  Ghost x3  
  194  20:13  Orbital Command x2  
  200  20:19  Starport  
  200  20:21  Starport, Command Center  
  200  20:41  Unknown x3  
  200  20:42  Unknown  
  195  20:48  Viking x2  
  199  20:54  Missile Turret  
  199  20:59  Missile Turret, Starport Tech Lab  
  199  21:00  Starport Reactor  
  199  21:02  Missile Turret  
  199  21:09  Nuke  
  156  21:20  Marauder x4, Marine x5  
  156  21:24  Medivac  
  136  21:31  Raven  
  136  21:32  Medivac  
  128  21:54  Liberator  
  128  21:57  Liberator  
  128  21:58  Marauder x3, Marine x8  
  128  21:59  Marauder  
  144  22:04  Nuke  
  144  22:08  Siege Tank  
  144  22:14  Raven  
  155  22:16  Marine x2  
  155  22:31  Viking x2  
  159  22:43  Unknown  
  159  22:44  Unknown x3  
  155  22:45  Planetary Fortress  
  155  22:46  Refinery  
  155  22:49  Refinery, Unknown x3  
  155  22:54  Viking  
  155  22:57  Viking  
  156  23:04  Viking x2  
  156  23:05  Ghost x2  
  154  23:12  Marine x4  
  155  23:13  Marine x2  
  159  23:27  Raven  
  158  23:56  Viking x2  
  158  23:57  Viking x2  
  166  24:09  Raven  
  165  24:24  Ghost x4  
  165  24:27  Marine x8  
  175  24:37  Refinery  
  175  24:45  Marine x2  
  177  24:47  Command Center  
  177  24:58  SCV x3  
  177  24:59  SCV x2  
  182  25:01  SCV  
  183  25:13  SCV  
  182  25:31  Marauder x4  
  182  25:32  Marine x8  
  188  25:50  Marine x2  
  165  25:59  Orbital Command  
  165  26:01  Marauder x4, Marine x6  
  171  26:11  Viking  
  171  26:12  Viking  
  171  26:17  Raven  
  177  26:21  Nuke  
  177  26:25  Unknown x2  
  177  26:26  Unknown  
  177  26:42  Ghost  
  177  26:43  Ghost x2  
  177  26:47  Marine x4  
  168  27:14  Medivac x2  
  168  27:15  Raven, Medivac  
  167  27:24  Unknown x5  
  167  27:50  Nuke  
  155  28:16  Marauder x4, Marine x8  
  171  28:27  Viking x2  
  173  28:33  Viking  
  177  28:51  Orbital Command  
  177  28:52  Nuke  
  177  28:55  Liberator  
  177  28:57  Liberator  
  175  29:11  Raven  
  175  29:12  Viking x2  
  184  29:48  Ghost, Medivac x2  
  184  29:49  Ghost  
  189  30:17  Ghost x3  
  189  30:18  Ghost  
  189  30:19  Marine x3  
  160  30:42  Marine x2  
  160  30:43  Marine x6  
  160  30:46  Ghost x4  
  176  30:52  Sensor Tower  
  176  30:59  Missile Turret  
  176  31:04  Nuke  
  176  31:24  Ghost x2  
  180  31:25  Unknown  
  180  31:27  Ghost  
  180  31:30  Unknown x2  
  182  31:33  Missile Turret  
  164  32:23  Ghost x3  
  164  32:24  Marine x8, Ghost  
  179  33:05  Ghost  
  179  33:06  Ghost x2  
  179  33:12  Ghost  
  187  33:25  Refinery x2  
  180  33:37  Orbital Command  
  167  33:46  Marauder x4, Marine x8  
  177  34:04  Marine x2  
  147  34:56  Viking x2  
  136  35:13  Ghost  
  120  35:18  Marine x8  
  93  35:41  Marauder x2  
  93  35:42  Marauder  
  97  35:43  Marauder  
  68  36:05  Unknown  
Tags
 
Add a new tag
Caveats
  • Supply blocks, unpowered buildings, or Contaminate may cause inaccurate times.
  • Supply counts are checked every 10 seconds.